 Dungeon Crawl Stone Soup version 0.29-a0-341-g24ffce5b50 (webtiles) character file.

Game seed: 9587404155999893329

190443 spaghetti the Peltast (level 18, -2/183 HPs)
             Began as a Naga Berserker on Apr 20, 2022.
             Was a Priest of Trog.
             Constricted to death by a nagaraja (4 damage)
             ... on level 4 of the Snake Pit.
             The game lasted 01:18:32 (33220 turns).

spaghetti the Peltast (Naga Berserker)             Turns: 33220, Time: 01:18:32

Health: -2/183     AC: 29    Str: 31    XL:     18   Next: 61%
Magic:  18/18      EV:  7    Int:  2    God:    Trog [***...]
Gold:   2662       SH: 21    Dex: 17    Spells: 17/17 levels left

rFire   . . .      SeeInvis +   a - +10 mace "Dragonbane" {speed, Fragile Fly rElec Int-5, mace}
rCold   + . .      Faith    +   P - +0 tower shield {reflect}
rNeg    . . .      Spirit   .   V - +2 scale mail "Mipuuf" {+Blink Fly rC- Regen+}
rPois   +          Reflect  +   g - +0 helmet
rElec   +          Harm     .   E - +0 cloak {rCorr}
rCorr   +          Rampage  .   S - +0 pair of gloves "Utuiqem" {*Corrode +Inv Dex+5}
Will    +++++                   N - +2 barding {rC+}
Stlth   ..........              U - amulet "Tasores" {Faith rElec rC+ Will+}
HPRegen 2.20/turn               p - +6 ring of strength
MPRegen 0.16/turn               Y - +4 ring of evasion

@: weakened, strong-willed, on berserk cooldown, flying, regenerating, slowed,
constricted, studying Unarmed Combat, unable to read, very slow
A: AC +6, large, see invisible, deformed body, poison resistance, slowness 2,
spit poison 1, naga tail 2, clumsy 1, screaming 1, inability to read while
threatened
a: Spit Poison, Renounce Religion, Evoke Blink, Evoke Invisibility, Berserk,
Trog's Hand


You were on level 4 of the Snake Pit.
You worshipped Trog.
Trog was most pleased with you.
You visited 4 branches of the dungeon, and saw 27 of its levels.
You also visited: Bailey.

You collected 3012 gold pieces.
You spent 350 gold pieces at shops.


Innate Abilities, Weirdness & Mutations

Your serpentine skin is tough. (AC +6)
You have supernaturally acute eyesight. (SInv)
Armour fits poorly on your strangely shaped body.
Your system is resistant to poisons. (rPois)
You cover ground very slowly.
You can spit poison.
You can use your snake-like lower body to constrict enemies.
You are clumsy. (Dex -2)
You occasionally shout uncontrollably at your foes.
You sometimes lose the ability to read scrolls when taking damage.


   Skills:
 - Level 16.7 Fighting
 - Level 16.0 Armour
 - Level 1.5 Dodging
 + Level 17.4 Shields
 - Level 9.7 Unarmed Combat


You had 17 spell levels left.
You didn't know any spells.
Your spell library contained the following spells:

 Spells                   Type           Power      Damage    Failure   Level
 Animate Skeleton         Necr           0%         N/A       93%         1
 Apportation              Tloc           0%         N/A       93%         1
 Magic Dart               Conj           0%         1d3       93%         1
 Pain                     Necr           0%         1d4       93%         1
 Sandblast                Erth           0%         2d4       93%         1
 Summon Small Mammal      Summ           0%         N/A       93%         1
 Blink                    Tloc           0%         N/A       98%         2
 Corpse Rot               Necr/Air       0%         N/A       98%         2
 Ensorcelled Hibernation  Hex/Ice        0%         N/A       98%         2
 Passwall                 Tmut/Erth      0%         N/A       98%         2
 Poisonous Vapours        Pois/Air       0%         N/A       98%         2
 Scorch                   Fire           0%         2d5       98%         2
 Searing Ray              Conj           0%         2d4       98%         2
 Static Discharge         Conj/Air       0%         N/A       98%         2
 Call Canine Familiar     Summ           0%         N/A       100%        3
 Confusing Touch          Hex            0%         N/A       100%        3
 Inner Flame              Hex/Fire       0%         N/A       100%        3
 Lesser Beckoning         Tloc           0%         N/A       100%        3
 Portal Projectile        Hex/Tloc       0%         N/A       100%        3
 Summon Guardian Golem    Hex/Summ       0%         N/A       100%        3
 Swiftness                Air            0%         N/A       100%        3
 Tukima's Dance           Hex            0%         N/A       100%        3
 Vampiric Draining        Necr           0%         2d6       100%        3
 Anguish                  Hex/Necr       0%         N/A       100%        4
 Cause Fear               Hex            0%         N/A       100%        4
 Dispel Undead            Necr           0%         3d6       100%        4
 Flame Wave               Conj/Fire      0%         2d4       100%        4
 Fulminant Prism          Conj/Hex       0%         3d6       100%        4
 Leda's Liquefaction      Hex/Erth       0%         N/A       100%        4
 Petrify                  Tmut/Erth      0%         N/A       100%        4
 Sticky Flame             Conj/Fire      0%         2d3       100%        4
 Agony                    Necr           0%         N/A       100%        5
 Alistair's Intoxication  Tmut/Pois      0%         N/A       100%        5
 Blade Hands              Tmut           0%         N/A       100%        5
 Excruciating Wounds      Necr           0%         N/A       100%        5
 Lee's Rapid Deconstruct  Erth           0%         3d5*      100%        5
 Manifold Assault         Tloc           0%         N/A       100%        5
 Summon Forest            Summ/Tloc      0%         N/A       100%        5
 Summon Mana Viper        Hex/Summ       0%         N/A       100%        5
 Yara's Violent Unravell  Hex/Tmut       0%         3d3       100%        5
 Dispersal                Tloc           0%         N/A       100%        6
 Statue Form              Tmut/Erth      0%         N/A       100%        6
 Summon Cactus Giant      Summ           0%         N/A       100%        6
 Enfeeble                 Hex            0%         N/A       100%        7
 Discord                  Hex            0%         N/A       100%        8
 Disjunction              Tloc           0%         N/A       100%        8

Inventory:

Hand Weapons
 a - the +10 mace "Dragonbane" (weapon) {speed, Fragile Fly rElec Int-5, mace}
   (You found it on level 9 of the Dungeon)

   Attacks with this weapon are significantly faster.
   Int:       It affects your intelligence (-5).
   rElec:     It insulates you from electricity.
   Fly:       It grants you flight.
   Fragile:   It will be destroyed if unequipped.
Missiles
 b - 27 poisoned darts {throwing}
 j - 817 stones (quivered) {throwing}
 r - 6 atropa-tipped darts {throwing}
 s - 4 datura-tipped darts {throwing}
 C - 18 boomerangs {throwing}
 F - a silver boomerang {throwing}
 G - 2 throwing nets {=f!fthrowing}
 L - a curare-tipped dart {=fthrowing}
 M - 4 boomerangs of dispersal {=f!fthrowing}
 Z - 9 javelins {throwing}
Armour
 g - a +0 helmet (worn)
   (You found it on level 7 of the Dungeon)
 E - a +0 cloak of preservation (worn)
   (You took it off Crazy Yiuf on level 4 of the Dungeon)
 N - a +2 barding of cold resistance (worn)
   (You found it in a bailey)
 P - a +0 tower shield of reflection (worn)
   (You took it off a naga warrior on level 2 of the Snake Pit)
 S - the +0 pair of gloves "Utuiqem" (worn) {*Corrode +Inv Dex+5}
   (You acquired it on level 9 of the Dungeon)

   Dex:       It affects your dexterity (+5).
   +Inv:      It lets you turn invisible.
   *Corrode:  It may corrode you when you take damage.
 V - the +2 scale mail "Mipuuf" (worn) {+Blink Fly rC- Regen+}
   (You found it in a bailey)

   rC:        It makes you vulnerable to cold.
   Fly:       It grants you flight.
   +Blink:    It lets you blink.
   Regen:     It increases your rate of health regeneration.
Magical Staves
 v - a staff of cold {forbidden!astaff}
   (You found it on level 1 of the Snake Pit)
Jewellery
 f - a +6 ring of dexterity
   (You found it on level 14 of the Dungeon)
 p - a +6 ring of strength (left hand)
   (You found it on level 3 of the Dungeon)
 t - an amulet of magic regeneration {@e2}
   (You took it off a salamander mystic on level 4 of the Snake Pit)
 U - the amulet "Tasores" (around neck) {Faith rElec rC+ Will+}
   (You found it in a bailey)

   [amulet of faith]

   It allows you to gain divine favour quickly.
   rC:        It protects you from cold.
   rElec:     It insulates you from electricity.
   Will:      It increases your willpower.
 Y - a +4 ring of evasion (right hand)
   (You found it on level 8 of the Dungeon)
Wands
 c - a wand of charming (3)
   (You found it on level 3 of the Snake Pit)
 i - a wand of digging (2)
   (You found it on level 4 of the Snake Pit)
 q - a wand of flame (19)
   (You found it on level 15 of the Dungeon)
 H - a wand of iceblast (4)
   (You found it on level 1 of the Snake Pit)
Scrolls
 l - 3 scrolls of enchant weapon
 m - 3 scrolls of vulnerability {!r!r}
 n - a scroll of brand weapon
 y - a scroll of holy word
 z - 2 scrolls of identify {@r1}
 B - 2 scrolls of immolation {!r!r}
 J - 4 scrolls of blinking {!r}
 K - 6 scrolls of magic mapping {!r}
 O - 2 scrolls of fog
 R - 8 scrolls of teleportation {@r4}
 T - 2 scrolls of torment {!r}
 W - 3 scrolls of fear
Potions
 d - 4 potions of lignification {!q}
 e - 7 potions of curing {@q1}
 h - 6 potions of might
 k - 2 potions of brilliance
 o - 3 potions of attraction {!q}
 u - 8 potions of resistance
 w - 4 potions of magic
 x - 5 potions of ambrosia
 D - a potion of berserk rage {!q}
Miscellaneous
 I - a piece from Xom's chessboard (15/15)
   (You found it in a bailey)
 Q - a phantom mirror (inert)
   (You found it on level 7 of the Dungeon)

Dungeon Overview and Level Annotations

Branches:
Dungeon (15/15)            Temple (0/1) D:7            Lair (6/6) D:11
  Swamp (0/4) Lair:4        Snake (4/4) Lair:4        Slime (0/5) Lair:6
    Orc (2/2) D:12            Elf (0/3) Orc:2        Vaults (0/5) D:14
 Depths (0/4) D:15         Bailey (visited)

Altars:
Cheibriados
Dithmenos
Fedhas
Hepliaklqana
Okawaru
Xom
Beogh
Jiyva

Shops:
D:6 *   D:9 *   D:12 *   Orc:1 [   Orc:2 ?[[(   Snake:1 ??**

Annotations:
D:8 2 transporters
Lair:4 1 runed translucent door, spaghetti's ghost, journeyman DDDe
Snake:4 3 runed translucent doors, Dordric's ghost, adept DgHu; Jiafu's ghost, adept DsIE; bronco's ghost, adept DsVM

..##...#.#.#...............#.....
..###..#<#.#.##.##########.######
......)..[[[..................#
...###.##)).).).[..#######..#.#
...###.##.)#.####).########.#.###
.......##..#.####).#......[.#....
...######..#.....)[..############
...######..#####)N.......#
...##.......# #@N....##.# #.
...##.......####N#)......# #.
#+###...........NN)...########.##
######'######N#..............
#.##..N#)#..#####.......
####.##.#NN)..............#
#........N#.##.###.#...##.#
#.##.#....#.##..... #.). #
#.#......##...#.#......#


You could see a nagaraja (fast, strong, curare, very poisoned), a naga warrior
(curare), a salamander tyrant (strong) and 3 salamanders.


Message History

You feel yourself slow down.
* * * LOW HITPOINT WARNING * * *
😱 HP[-9]
You take 9 damage, and now have 16/183 hp.
Unknown command.
Unknown command.
Okay, then.
You cannot read scrolls in your current state!
Unknown command.
You feel better. The nagaraja hits you with a +0 whip!
* * * LOW HITPOINT WARNING * * *
The nagaraja grabs you. The nagaraja constricts you.
The salamander tyrant gazes fiercely through you!
You feel as though you will be weak longer.
The salamander tyrant hits you but does no damage.
The nagaraja closely misses you. The nagaraja constricts you. 😱 HP[+2]
You regained 2 hp, and now have 18/183 hp.
Unknown command.
You feel better.
The salamander tyrant no longer looks unusually strong.
The nagaraja gestures at you while chanting.
The poison arrow hits you!
You are poisoned.
You partially resist.
* * * LOW HITPOINT WARNING * * *
The nagaraja constricts you.
The salamander tyrant gazes fiercely through you!
You feel as though you will be weak longer.
The salamander tyrant completely misses you.
The nagaraja barely misses you. The nagaraja constricts you.
* * * LOW HITPOINT WARNING * * *
The naga warrior roars a battlecry!
The nagas go into a battle-frenzy!
The salamander tyrant gazes fiercely through you!
You feel as though you will be weak longer.
You block the salamander tyrant's attack. 😱 HP[-8]
You take 8 damage, and now have 10/183 hp.
Unknown command.
Unknown command.
Okay, then.
You cannot read scrolls in your current state!
Unknown command.
Okay, then.
Okay, then.
You cannot read scrolls in your current state!
Unknown command.
Okay, then.
You feel better. The nagaraja hits you with a +0 whip.
* * * LOW HITPOINT WARNING * * *
The nagaraja constricts you. The nagaraja spits poison at you.
Your +0 tower shield of reflection reflects the splash of poison!
The splash of poison hits the nagaraja.
The nagaraja constricts you.
* * * LOW HITPOINT WARNING * * *
You block the salamander's attack.
The salamander tyrant hits you but does no damage. 😱 HP[+8]
You regained 8 hp, and now have 18/183 hp.
Unknown command.
Unknown command.
You cannot read scrolls in your current state!
Unknown command.
You feel better.
The naga mage no longer looks unusually strong.
The nagaraja no longer looks unusually strong.
The nagaraja hits you with a +0 whip.
* * * LOW HITPOINT WARNING * * *
The nagaraja constricts you.
* * * LOW HITPOINT WARNING * * *
You block the salamander's attack.
The salamander tyrant gazes fiercely through you!
You feel as though you will be weak longer.
The salamander tyrant hits you.
* * * LOW HITPOINT WARNING * * *
You are engulfed in flames!
* * * LOW HITPOINT WARNING * * *
The nagaraja hits you but does no damage.
The nagaraja constricts you.
* * * LOW HITPOINT WARNING * * *
You block the salamander's attack.
The salamander tyrant hits you but does no damage.
You block the nagaraja's attack. The nagaraja constricts you. 😱 HP[-15]
You take 15 damage, and now have 3/183 hp.
Unknown command.
You cannot read scrolls in your current state!
Unknown command.
You feel better. The nagaraja hits you with a +0 whip!
* * * LOW HITPOINT WARNING * * *
The nagaraja constricts you.
* * * LOW HITPOINT WARNING * * *
The naga warrior roars a battlecry!
The nagas go into a battle-frenzy!
You block the salamander's attack.
You block the salamander tyrant's attack.
You block the nagaraja's attack. The nagaraja constricts you.
You die...

Skill      XL: |  1  2  3  4  5  6  7  8  9 10 11 12 13 14 15 16 17 18 |
---------------+-------------------------------------------------------+-----
Unarmed Combat | 4 5 6 7 9 |  9.7
Armour         | 3 6 8 9 11 14 16 | 16.0
Fighting       | 5 8 10 15 16 | 16.7
Shields        | 5 11 12 15 17 | 17.4
Dodging        | |  1.5

Action                   |  1- 3 |  4- 6 |  7- 9 | 10-12 | 13-15 | 16-18 || total
-------------------------+-------+-------+-------+-------+-------+-------++-------
Melee: Unarmed           |   150 |   168 |    76 |       |       |       ||   394
       Punch             |     3 |     9 |     9 |    36 |    59 |       ||   116
       Spear             |       |       |   178 |   237 |       |       ||   415
       Mace              |       |       |       |   424 |  1075 |   765 ||  2264
       Constrict         |       |       |       |       |   232 |   186 ||   418
Throw: Stone             |       |    98 |    71 |    40 |   296 |    36 ||   541
Invok: Berserk           |     3 |     4 |     9 |    19 |    17 |    14 ||    66
       Trog's Hand       |       |     1 |     3 |    13 |    12 |    20 ||    49
       Brothers in Arms  |       |       |       |       |     6 |    16 ||    22
 Abil: Spit Poison       |     4 |       |     1 |     3 |     1 |       ||     9
       Evoke Blink       |       |       |       |       |       |     4 ||     4
Evoke: Phantom mirror    |       |       |       |     1 |       |     2 ||     3
       Wand              |       |       |       |     9 |       |       ||     9
  Use: Scroll            |       |       |     6 |    17 |    11 |     3 ||    37
       Potion            |       |       |       |    11 |     7 |    26 ||    44
 Stab: Invisible         |       |       |       |     3 |       |       ||     3
       Petrified         |       |       |       |       |     1 |       ||     1
Armor: Animal skin       |    21 |       |       |       |       |       ||    21
       Plate armour      |    52 |    80 |   123 |   193 |       |       ||   448
       Skin              |       |       |       |    16 |       |       ||    16
       Scale mail        |       |       |       |   383 |   917 |   435 ||  1735
Dodge: Dodged            |    60 |    34 |    62 |   438 |   539 |   263 ||  1396
Block: Tower shield      |       |       |       |       |   644 |  1060 ||  1704
       Reflection        |       |       |       |       |       |   145 ||   145

Levels and vault maps discovered:
D:1:      heliophobic_arrival_henge, layout_rooms,
          ebering_ecumenical_altar_ruins
D:2:      minmay_door_path, layout_loops_ring, chequers_serial_rivers_large_a
D:3:      kennysheep_six_static_rooms, layout_basic, minmay_cupped, uniq_terence
D:4:      layout_loops_ring, uniq_crazy_yiuf_cottage, uniq_menkaure
D:5:      layout_loops_ring
D:6:      kennysheep_kobold_camp, layout_loops_ring, serial_shops,
          nicolae_shop_window_shopping
D:7:      minmay_the_grid_square_5x5_3x3 [minmay_the_grid_square_5x5_z,
          minmay_the_grid_square_5x5_fancy_junction,
          minmay_the_grid_square_5x5_six_small,
          minmay_the_grid_square_5x5_inner_i,
          minmay_the_grid_square_5x5_megaprize_checkered,
          minmay_the_grid_square_5x5_spiral_small,
          minmay_the_grid_square_5x5_minivault,
          minmay_the_grid_square_5x5_minimal,
          minmay_the_grid_square_5x5_shuriken], layout_gridville,
          minmay_temple_entry_glass, kennysheep_crisscross, kennysheep_dice,
          uniq_duvessa
D:8:      gammafunk_steamed_eel, layout_rooms, enter_bailey_2,
          minmay_misc_feat_rows, uniq_maurice
D:9:      layout_roguey, nicolae_overflow_crystal_walls, minivault_25,
          nicolae_elemental_shop, wad_mini_maze, uniq_pikel
D:10:     layout_loops_ring, chequers_serial_rivers_room_a,
          small_chamber_with_monster
D:11:     layout_cave_pools, dpeg_lair_monsters, nicolae_dithmenos_the_darkroom,
          uniq_fannar
D:12:     minmay_general_purpose_star, layout_long_grid, david_orc_3,
          gauntlet_entry_generic, serial_shops, shop
D:13:     layout_cave_pods, serial_column_ruins, column_ruins_grid_3,
          column_ruins_corridor_T, column_ruins_open_small_water,
          column_ruins_columns_corner, hangedman_decor_slide_cut,
          brannock_xom_greatest_gift
D:14:     layout_stronghold, david_vaults_3, fedhas_altar_3, grunt_ogre_cave,
          grunt_ministairs_10
D:15:     grunt_enter_depths_magical_seal, layout_loops_ring,
          nicolae_hepliaklqana_ecumenical_no_more, slow_altar_1
Lair:1:   layout_regular_city, gammafunk_lair_bear_cave
Lair:2:   layout_chaotic_city, minmay_holes, uniq_maggie
Lair:3:   layout_cave_pods, lemuel_fruit_fields
Lair:4:   layout_hall_layers, skrybe_swamp_entry_bodies,
          guppyfry_snake_entry_island, gammafunk_ghost_grave
Lair:5:   layout_hall_layers
Lair:6:   grunt_lair_end_beastmaster, layout_regular_city, slime_altar_1
Snake:1:  layout_rooms, minmay_shoptagon, serial_bayou_shore_b, uniq_aizul
Snake:2:  layout_rooms, uniq_kirke
Snake:3:  layout_cave_town, lemuel_fruit_tree
Snake:4:  snake_pit, layout_basic, gammafunk_ghost_cemetery, st_stairs_1,
          uniq_bai_suzhen
Orc:1:    layout_diamond_mine, serial_shops, shop_fountains, mines4_lemuel,
          uniq_nergalle
Orc:2:    grunt_orc_community_town_hall, layout_caves,
          grunt_orc_community_big_house_1, grunt_orc_community_big_house_1,
          grunt_orc_community_house_2, grunt_orc_community_house_3,
          grunt_orc_community_house_2, grunt_orc_community_house_2, basic_altar,
          mines5_lemuel

Notes
Turn   | Place    | Note
-------+----------+-------------------------------------------
     0 | D:1      | spaghetti the Naga Berserker began the quest for the Orb.
     0 | D:1      | Reached XP level 1. HP: 21/21 MP: 1/1
     0 | D:1      | magus.rc [v1.9.6]
   419 | D:1      | Reached XP level 2. HP: 22/28 MP: 2/2
   498 | D:1      | HP: 6/28 [frilled lizard (2)]
   507 | D:1      | HP: 5/42 [frozen (1)]
  1281 | D:1      | Reached skill level 4 in Unarmed Combat
  1412 | D:1      | Found a faded altar of an unknown god.
  1435 | D:1      | Reached XP level 3. HP: 20/34 MP: 3/3
  2010 | D:2      | Reached skill level 5 in Unarmed Combat
  2010 | D:2      | Reached XP level 4. HP: 26/42 MP: 4/4
  2509 | D:2      | You pick up a book of Burglary {forbidden} and begin
                  | reading...
  2509 | D:2      | You add the spells Passwall, Ensorcelled Hibernation and
                  | Swiftness to your library.
  2724 | D:2      | You pick up a book of Conjurations {forbidden@e2} and begin
                  | reading...
  2724 | D:2      | You add the spells Magic Dart, Searing Ray and Fulminant
                  | Prism to your library.
  3184 | D:3      | Reached ** piety under Trog
  3197 | D:3      | Reached XP level 5. HP: 21/49 MP: 5/5
  3610 | D:3      | Noticed Terence
  3626 | D:3      | Killed Terence
  3904 | D:3      | Reached skill level 6 in Unarmed Combat
  4005 | D:3      | You pick up a book of Necromancy {forbidden} and begin
                  | reading...
  4005 | D:3      | You add the spells Pain, Animate Skeleton and Vampiric
                  | Draining to your library.
  4447 | D:4      | Reached XP level 6. HP: 48/56 MP: 6/6
  4859 | D:4      | Noticed Menkaure
  4862 | D:4      | Killed Menkaure
  4863 | D:4      | Reached skill level 7 in Unarmed Combat
  4940 | D:4      | Reached XP level 7. HP: 59/62 MP: 7/7
  4996 | D:4      | Reached skill level 8 in Unarmed Combat
  5198 | D:4      | Found a runed translucent door.
  5199 | D:4      | Noticed Crazy Yiuf
  5282 | D:4      | Killed Crazy Yiuf
  5479 | D:5      | Entered Level 5 of the Dungeon
  5637 | D:5      | Reached skill level 9 in Unarmed Combat
  5800 | D:5      | Reached XP level 8. HP: 57/69 MP: 8/8
  6201 | D:5      | Reached skill level 2 in Armour
  6884 | D:6      | Found Voylax's Assorted Antiques.
  6943 | D:6      | Reached *** piety under Trog
  6970 | D:6      | Bought a dented cameo amulet for 130 gold pieces
  7232 | D:6      | Reached skill level 4 in Fighting
  7270 | D:6      | Reached skill level 3 in Armour
  7823 | D:7      | Found a staircase to the Ecumenical Temple.
  7880 | D:7      | Reached skill level 5 in Fighting
  7885 | D:7      | Reached XP level 9. HP: 81/81 MP: 9/9
  7888 | D:7      | Reached skill level 4 in Armour
  7992 | D:7      | Reached skill level 6 in Fighting
  8138 | D:7      | Noticed an unseen horror
  8138 | D:7      | Noticed a gargoyle
  8145 | D:7      | Killed an unseen horror
  8146 | D:7      | Reached skill level 5 in Armour
  8153 | D:7      | Killed a gargoyle
  8154 | D:7      | Reached skill level 7 in Fighting
  8166 | D:7      | Noticed a boulder beetle
  8182 | D:7      | Noticed Duvessa
  8189 | D:7      | Noticed Dowan
  8198 | D:7      | Noticed a cyclops
  8200 | D:7      | Killed Dowan
  8202 | D:7      | Killed Duvessa
  8203 | D:7      | Reached skill level 6 in Armour
  8207 | D:7      | Killed a cyclops
  8208 | D:7      | Reached skill level 8 in Fighting
  8208 | D:7      | Reached XP level 10. HP: 88/96 MP: 10/10
  8212 | D:7      | HP: 20/96 [wyvern (14)]
  8303 | D:7      | Killed a boulder beetle
  8304 | D:7      | Reached skill level 7 in Armour
  8417 | D:7      | Identified the ring "Erucs" {rElec rPois Stlth+}
  8422 | D:7      | You pick up a book of Vapours {forbidden} and begin
                  | reading...
  8422 | D:7      | You add the spells Poisonous Vapours and Corpse Rot to your
                  | library.
  8422 | D:7      | You pick up a book of Party Tricks {forbidden} and begin
                  | reading...
  8422 | D:7      | You add the spells Apportation and Alistair's Intoxication
                  | to your library.
  8444 | D:7      | You pick up a book of Weapons {forbidden} and begin
                  | reading...
  8444 | D:7      | You add the spells Portal Projectile, Excruciating Wounds
                  | and Blade Hands to your library.
  8800 | D:8      | Reached skill level 9 in Fighting
  8842 | D:8      | Found a transporter.
  8869 | D:8      | Found a flagged portal.
  8879 | D:8      | Noticed Maurice
  8902 | D:8      | Killed Maurice
  8932 | D:8      | Reached skill level 8 in Armour
  8983 | Bailey   | Entered a bailey
  9038 | Bailey   | Noticed a gargoyle
  9045 | Bailey   | Killed a gargoyle
  9046 | Bailey   | Reached skill level 10 in Fighting
  9102 | Bailey   | Reached XP level 11. HP: 105/108 MP: 11/11
  9114 | Bailey   | Reached **** piety under Trog
  9344 | Bailey   | HP: 22/110 [vampire/+1 vampiric halberd (16)]
  9349 | Bailey   | HP: 22/110 [vampire/+1 vampiric halberd (5)]
  9414 | Bailey   | Identified the amulet "Tasores" {Faith rElec rC+ Will+}
  9418 | Bailey   | Identified the +2 scale mail "Mipuuf" {+Blink Fly rC-
                  | Regen+}
  9682 | D:8      | Found a transporter.
  9907 | D:9      | Noticed Pikel
  9924 | D:9      | Killed Pikel
  9944 | D:9      | Identified the +10 mace "Dragonbane" {speed, Fragile Fly
                  | rElec Int-5}
  9960 | D:9      | Found an iron altar of Okawaru.
 10006 | D:9      | Found Fucom's Elemental Accessories.
 10159 | D:9      | Noticed a manticore
 10174 | D:9      | Killed a manticore
 10281 | D:9      | Noticed a cyclops
 10292 | D:9      | Killed a cyclops
 10293 | D:9      | Reached skill level 9 in Armour
 10427 | D:9      | Reached skill level 11 in Fighting
 10520 | D:9      | Identified 2 scrolls of acquirement
 10523 | D:9      | Acquired the +0 pair of gloves "Utuiqem" {*Corrode +Inv
                  | Dex+5}
 10530 | D:9      | Acquired a manual of Fighting
 10644 | D:9      | You pick up a book of Spatial Translocations {forbidden}
                  | and begin reading...
 10644 | D:9      | You add the spells Blink, Lesser Beckoning and Manifold
                  | Assault to your library.
 10698 | D:10     | Entered Level 10 of the Dungeon
 10780 | D:10     | You pick up a book of Pain {forbidden} and begin reading...
 11422 | D:10     | Reached skill level 12 in Fighting
 11590 | D:10     | Reached skill level 13 in Fighting
 11835 | D:11     | Noticed a purple ugly thing
 11846 | D:11     | Killed a purple ugly thing
 11880 | D:11     | Noticed Fannar
 11908 | D:11     | Reached skill level 14 in Fighting
 11932 | D:11     | HP: 28/114 [ice beast[Fannar] (5)]
 11933 | D:11     | HP: 5/114 [Fannar/bolt of cold (19)]
 11938 | D:11     | Noticed a death yak
 11953 | D:11     | Noticed a death yak
 11953 | D:11     | Noticed a death yak
 11986 | D:10     | Killed a death yak
 12098 | D:11     | You pick up a book of Pain {forbidden} and begin reading...
 12113 | D:11     | Killed Fannar
 12114 | D:11     | Reached skill level 15 in Fighting
 12114 | D:11     | Reached XP level 12. HP: 130/130 MP: 12/12
 12161 | D:10     | Killed a death yak
 12168 | D:10     | Killed a death yak
 12169 | D:10     | Reached skill level 16 in Fighting
 12184 | D:11     | You pick up a book of Touch {forbidden} and begin
                  | reading...
 12184 | D:11     | You add the spells Static Discharge, Sticky Flame and
                  | Dispel Undead to your library.
 12191 | D:11     | Found a staircase to the Lair.
 12269 | D:11     | Found a shadowy altar of Dithmenos.
 12270 | D:11     | Noticed a four-headed hydra
 12279 | D:11     | Killed a four-headed hydra
 12290 | D:11     | You pick up a book of the Wilderness {forbidden} and begin
                  | reading...
 12290 | D:11     | You add the spells Summon Forest, Summon Mana Viper and
                  | Summon Cactus Giant to your library.
 12561 | D:12     | Noticed a five-headed hydra
 12569 | D:12     | Killed a five-headed hydra
 12599 | D:12     | Noticed a two-headed ogre
 12609 | D:12     | Killed a two-headed ogre
 12665 | D:12     | Found Toepnizesch's Assorted Antiques.
 12695 | D:12     | Found a staircase to the Orcish Mines.
 12794 | D:12     | Found a gate leading to a gauntlet.
 12890 | D:12     | Reached skill level 10 in Armour
 13497 | D:13     | HP: 33/135 [skeletal warrior/+0 flail[a skeletal warrior]
                  | (17)]
 13627 | D:13     | Found a shimmering altar of Xom.
 13669 | D:13     | Reached skill level 11 in Armour
 13944 | D:13     | Noticed a boulder beetle
 13955 | D:13     | Killed a boulder beetle
 14037 | D:13     | Noticed a centaur warrior
 14048 | D:13     | Killed a centaur warrior
 14049 | D:13     | Gained mutation: You can use your snake-like lower body to
                  | constrict enemies. [Naga growth]
 14049 | D:13     | Reached XP level 13. HP: 139/142 MP: 13/13
 14123 | D:13     | Reached skill level 12 in Armour
 14538 | Lair:1   | Entered Level 1 of the Lair of Beasts
 14642 | Lair:1   | You are sucked into a shaft and drop 1 floor!
 14678 | Lair:2   | Reached ***** piety under Trog
 14746 | Lair:2   | Reached skill level 13 in Armour
 15240 | Lair:1   | You pick up a book of Callings {forbidden} and begin
                  | reading...
 15240 | Lair:1   | You add the spells Summon Small Mammal, Call Canine
                  | Familiar and Summon Guardian Golem to your library.
 15367 | Lair:1   | You pick up a book of Scorching {forbidden} and begin
                  | reading...
 15367 | Lair:1   | You add the spells Scorch and Flame Wave to your library.
 15576 | Lair:2   | You add the spells Sandblast, Petrify, Dispersal and
                  | Disjunction to your library.
 15576 | Lair:2   | Got Sif Muna's Disquisition on Twisted Stones {forbidden}
 15754 | Lair:2   | Identified the ring "Reiwos" {rN+ Str+4}
 15891 | Lair:2   | Noticed Maggie
 15898 | Lair:2   | Killed Maggie
 16406 | Lair:3   | Reached skill level 14 in Armour
 16671 | Lair:3   | Reached XP level 14. HP: 130/151 MP: 14/14
 17157 | Lair:3   | Received a gift from Trog
 17708 | Lair:4   | Found a runed translucent door.
 17708 | Lair:4   | Noticed spaghetti's ghost (journeyman DDDe)
 17846 | Lair:4   | Reached skill level 15 in Armour
 17937 | Lair:4   | Found a staircase to the Snake Pit.
 18046 | Lair:4   | Found a staircase to the Swamp.
 19072 | Lair:5   | Gained mutation: You passively dampen the noise of your
                  | surroundings. [potion of mutation]
 19072 | Lair:5   | Gained mutation: Your magical capacity is low. (-10% MP)
                  | [potion of mutation]
 19072 | Lair:5   | Gained mutation: You are agile. (Dex +2) [potion of
                  | mutation]
 19073 | Lair:5   | Lost mutation: You are agile. (Dex +2) [potion of mutation]
 19073 | Lair:5   | Lost mutation: You passively dampen the noise of your
                  | surroundings. [potion of mutation]
 19073 | Lair:5   | Lost mutation: Your magical capacity is low. (-10% MP)
                  | [potion of mutation]
 19073 | Lair:5   | Gained mutation: You are frail. (-10% HP) [potion of
                  | mutation]
 19073 | Lair:5   | Gained mutation: You are very frail. (-20% HP) [potion of
                  | mutation]
 19073 | Lair:5   | Gained mutation: Your tail ends in a venomous barb. [potion
                  | of mutation]
 19074 | Lair:5   | Lost mutation: You are very frail. (-20% HP) [potion of
                  | mutation]
 19074 | Lair:5   | Lost mutation: Your tail ends in a venomous barb. [potion
                  | of mutation]
 19074 | Lair:5   | Gained mutation: You are clumsy. (Dex -2) [potion of
                  | mutation]
 19074 | Lair:5   | Gained mutation: You sometimes lose the ability to read
                  | scrolls when taking damage. [potion of mutation]
 19074 | Lair:5   | Gained mutation: You possess an exceptional clarity of
                  | mind. [potion of mutation]
 19367 | Lair:6   | Entered Level 6 of the Lair of Beasts
 19440 | Lair:6   | Found a staircase to the Slime Pits.
 19442 | Lair:6   | Found a viscous altar of Jiyva.
 19619 | Lair:6   | Reached skill level 16 in Armour
 19624 | Lair:6   | Reached skill level 1 in Shields
 19992 | Lair:6   | Reached skill level 2 in Shields
 20202 | Lair:6   | Reached skill level 3 in Shields
 20226 | Lair:6   | Identified the +1 robe of Umaykh {+Inv rF- Slay-5 Stlth+}
 20346 | Lair:6   | Reached skill level 4 in Shields
 20402 | Lair:6   | Reached skill level 5 in Shields
 20469 | Lair:6   | Reached XP level 15. HP: 130/142 MP: 15/15
 20517 | Lair:6   | You pick up a book of Maledictions {forbidden} and begin
                  | reading...
 20517 | Lair:6   | You add the spells Tukima's Dance, Anguish and Enfeeble to
                  | your library.
 20670 | Lair:6   | Reached skill level 6 in Shields
 20897 | Orc:1    | Entered Level 1 of the Orcish Mines
 21079 | D:12     | HP: 50/213 [orc priest/divine providence (13)]
 21086 | D:12     | HP: 16/142 [orc knight/bolt (7)]
 21385 | Orc:1    | Found Givarug's Armour Emporium.
 21550 | Orc:1    | Reached skill level 7 in Shields
 21595 | Orc:1    | Noticed Nergalle
 21605 | Orc:1    | Killed Nergalle
 21625 | Orc:1    | You pick up a book of Party Tricks {forbidden} and begin
                  | reading...
 21628 | Orc:1    | You pick up a book of Misfortune {forbidden} and begin
                  | reading...
 21628 | Orc:1    | You add the spells Confusing Touch and Yara's Violent
                  | Unravelling to your library.
 21675 | Orc:2    | Entered Level 2 of the Orcish Mines
 22020 | Orc:2    | Identified the +4 great mace of Fortitude {antimagic, rPois
                  | rN+ Dex-3} (Trog gifted it to you on level 2 of the Orcish
                  | Mines)
 22020 | Orc:2    | Received a gift from Trog
 22063 | Orc:2    | Found a staircase to the Elven Halls.
 22382 | Orc:2    | Reached skill level 8 in Shields
 22617 | Orc:2    | Noticed an orc warlord
 22629 | Orc:2    | Killed an orc warlord
 22711 | Orc:2    | Found Wulew's Antique Armour Emporium.
 22725 | Orc:2    | Found Fozyd Fawux's Antique Weapon Shoppe.
 22809 | Orc:2    | Found Qasenom's Antique Armour Shop.
 22901 | Orc:2    | Found Huebipiu's Magic Scroll Shoppe.
 22970 | Orc:2    | Bought a scroll of identify for 32 gold pieces
 23101 | D:14     | You pick up a book of Vapours {forbidden} and begin
                  | reading...
 23203 | D:14     | Found a blossoming altar of Fedhas.
 23378 | D:14     | Reached skill level 9 in Shields
 23419 | D:14     | Noticed Urug
 23464 | D:14     | Killed Urug
 23515 | D:14     | Found a gate to the Vaults.
 24039 | D:14     | Received a gift from Trog
 24050 | D:14     | Reached skill level 10 in Shields
 24145 | D:15     | Entered Level 15 of the Dungeon
 24321 | D:15     | Found a snail-covered altar of Cheibriados.
 24500 | D:15     | Found a faded altar of an unknown god.
 24500 | D:15     | Found a faded altar of an unknown god.
 24502 | D:15     | Found a hazy altar of Hepliaklqana.
 24652 | D:15     | Identified a potion of experience
 24653 | D:15     | Reached skill level 11 in Shields
 24653 | D:15     | Reached XP level 16. HP: 149/149 MP: 16/16
 24970 | D:15     | Found a staircase to the Depths.
 25258 | Snake:1  | Entered Level 1 of the Snake Pit
 25353 | Snake:1  | Reached skill level 12 in Shields
 25417 | Snake:1  | Found Salyn's Magic Scroll Shoppe.
 25420 | Snake:1  | Found Toriph's General Store.
 25420 | Snake:1  | Found Voyciagg's Magic Scroll Shoppe.
 25424 | Snake:1  | Found Meddenee's Assorted Antiques.
 25437 | Snake:1  | Noticed Aizul
 25450 | Snake:1  | Reached XP level 17. HP: 81/157 MP: 17/17
 25453 | Snake:1  | Killed Aizul
 25475 | Snake:1  | HP: 18/157 [naga warrior/+0 halberd (29)]
 25481 | Snake:1  | HP: 39/157 [naga warrior/+0 trident (18)]
 25502 | Snake:1  | Reached skill level 13 in Shields
 25582 | Snake:1  | Bought 2 potions of curing for 138 gold pieces
 25592 | Snake:1  | Bought a potion of heal wounds for 50 gold pieces
 25695 | Lair:4   | Lost mutation: You are frail. (-10% HP) [potion of
                  | mutation]
 25695 | Lair:4   | Lost mutation: You are clumsy. (Dex -2) [potion of
                  | mutation]
 25695 | Lair:4   | Lost mutation: You possess an exceptional clarity of mind.
                  | [potion of mutation]
 25695 | Lair:4   | Gained mutation: You are clumsy. (Dex -2) [potion of
                  | mutation]
 25695 | Lair:4   | Gained mutation: You occasionally shout uncontrollably at
                  | your foes. [potion of mutation]
 25866 | Snake:1  | You pick up a book of Hexes {forbidden} and begin
                  | reading...
 25866 | Snake:1  | You add the spells Inner Flame, Cause Fear and Discord to
                  | your library.
 25972 | Snake:1  | You pick up a book of the Earth {forbidden} and begin
                  | reading...
 25972 | Snake:1  | You add the spells Leda's Liquefaction, Lee's Rapid
                  | Deconstruction and Statue Form to your library.
 27120 | Snake:2  | Noticed Kirke
 27133 | Snake:2  | Killed Kirke
 27150 | Snake:2  | Reached skill level 14 in Shields
 28583 | Snake:3  | Reached skill level 15 in Shields
 29835 | Snake:4  | Entered Level 4 of the Snake Pit
 30194 | Snake:4  | Reached XP level 18. HP: 183/183 MP: 18/18
 30271 | Snake:3  | Received a gift from Trog
 30625 | Snake:4  | Reached skill level 16 in Shields
 31035 | Snake:4  | Found a runed translucent gate.
 31035 | Snake:4  | Found a runed translucent gate.
 31035 | Snake:4  | Found a runed translucent gate.
 31037 | Snake:4  | Noticed bronco's ghost (adept DsVM)
 31037 | Snake:4  | Noticed Jiafu's ghost (adept DsIE)
 31115 | Snake:4  | HP: 41/183 [salamander/+0 spear (8)]
 31220 | Snake:4  | Noticed Dordric's ghost (adept DgHu)
 31579 | Snake:4  | Noticed Bai Suzhen
 31608 | Snake:4  | Killed Bai Suzhen
 32393 | Snake:4  | Reached skill level 17 in Shields
 32457 | Snake:4  | HP: 45/183 [salamander/+3 halberd of venom (9)]
 32463 | Snake:4  | HP: 38/183 [salamander/+3 halberd of venom (11)]
 32468 | Snake:4  | HP: 44/183 [poisoned by a salamander]
 33198 | Snake:4  | HP: 44/183 [poisoned by a nagaraja (poison arrow)]
 33201 | Snake:4  | HP: 20/183 [salamander tyrant (28)]
 33213 | Snake:4  | HP: 15/183 [nagaraja/+0 whip (19)]
 33218 | Snake:4  | HP: 20/183 [nagaraja/+0 whip (5)]
 33219 | Snake:4  | HP: 5/183 [salamander tyrant (17)]
 33220 | Snake:4  | HP: 2/183 [constriction (1)]
 33220 | Snake:4  | Constricted to death by a nagaraja

Vanquished Creatures
  Bai Suzhen (Snake:4)
  Kirke (Snake:2)
  A nagaraja (Snake:4)
  Aizul (Snake:1)
  11 hydras
  Fannar (D:11)
  4 boulder beetles
  5 salamander tyrants
  An ogre mage (Orc:1)
  2 catoblepae
  6 anacondas
  2 two-headed ogres
  2 centaur warriors
  A deep troll shaman (Lair:6)
  15 naga warriors
  8 death yaks
  Urug (D:14)
  A tengu warrior (D:14)
  15 naga sharpshooters
  An orc high priest (Orc:2)
  Nergalle (Orc:1)
  3 shock serpents (Snake:2)
  11 salamander mystics
  3 skeletal warriors (D:13)
  2 wizards (D:15)
  A bog body (Lair:4)
  Pikel (D:9)
  5 naga ritualists
  8 mana vipers
  A necromancer (D:15)
  An orc knight (Orc:2)
  A deep elf pyromancer (D:13)
  4 ugly things
  A lindwurm (Lair:6)
  2 orc sorcerers
  4 slime creatures (D:13)
  4 manticores
  9 cyclopes
  26 salamanders
  Maurice (D:8)
  2 guardian serpents
  14 elephants
  22 naga magi
  28 black mambas
  4 gargoyles
  A cane toad (shapeshifter) (D:14)
  9 cane toads
  An unseen horror (D:7)
  3 yaktaurs (D:15)
  2 centaur skeletons (D:15)
  Maggie (Lair:2)
  2 rime drakes (Lair:6)
  A redback zombie (D:15)
  2 freezing wraiths
  6 komodo dragons
  9 trolls
  A tengu conjurer (D:14)
  3 meliai (D:13)
  4 polar bears
  10 dream sheep
  21 blink frogs
  A vampire (Bailey)
  3 centaur simulacra
  2 wraiths
  2 shadows
  27 yaks
  A hog (shapeshifter) (D:9)
  3 wyverns
  16 humans (D:14)
  A hog (Snake:2)
  2 steam dragons
  8 vampire mosquitoes
  3 basilisks
  Menkaure (D:4)
  6 wargs (Orc:2)
  37 nagas
  4 acid dragons
  12 water moccasins
  Duvessa (D:7)
  28 orc warriors
  4 black bears
  8 ogres
  8 wolves
  A phantom (D:5)
  6 centaurs
  2 kobold brigands
  2 lemures (D:9)
  2 necrophages (D:7)
  9 bullfrogs
  A bullfrog (shapeshifter) (D:14)
  A gnoll sergeant (D:5)
  13 wights
  Dowan (D:7)
  8 killer bees
  8 vampire bats (Bailey)
  3 howler monkeys
  3 wolf zombies (Bailey)
  An electric eel (Lair:1)
  3 jellies
  23 orc priests
  Crazy Yiuf (D:4)
  2 hounds (D:5)
  A gnoll shaman (D:7)
  An iron imp (D:15)
  5 iguanas
  19 orc wizards
  2 hell rats (D:11)
  Terence (D:3)
  3 gnolls (D:5)
  13 adders
  3 white imps (D:7)
  An ufetubus (D:5)
  A worm (D:4)
  A dart slug (D:1)
  66 orcs
  10 endoplasms
  7 giant cockroaches
  2 goblins
  7 hobgoblins
  4 jackals (D:2)
  7 quokkas
  11 ball pythons
  3 bats
  9 frilled lizards
  34 kobolds
  18 orc zombies (Bailey)
  12 rats
824 creatures vanquished.

Vanquished Creatures (collateral kills)
  A nagaraja (Snake:3)
  An orc warlord (Orc:2)
  An anaconda (Snake:1)
  2 naga warriors (Snake:1)
  4 death yaks (Lair:6)
  A salamander mystic (Snake:4)
  2 naga ritualists (Snake:1)
  An orc knight (D:12)
  A mana viper (Snake:1)
  2 orc sorcerers (Orc:2)
  4 salamanders
  10 black mambas (Snake:1)
  A guardian serpent (Snake:1)
  A naga mage (Snake:1)
  A troll (Orc:2)
  7 nagas
  3 wargs (Orc:2)
  6 orc warriors (Orc:2)
  5 orc priests
  14 orcs
68 creatures vanquished.

Vanquished Creatures (others)
  A naga warrior (Snake:4)
  A deep elf knight (D:14)
  5 humans (Snake:2)
  A centaur (D:11)
  2 orc wizards
  An orc (Orc:2)
  13 fungi
  50 plants
  6 withered plants
80 creatures vanquished.

Grand Total: 972 creatures vanquished

Table legend:
 A = Non-vault XP
 B = Vault XP
 C = Vault XP percentage of total XP
 D = Non-vault monster count
 E = Vault monster count
 F = Vault count percentage of total count
                 A         B        C        D         E       F
            +---------+---------+-------+---------+---------+-------
      Total |  172294 |   65925 |  27.7 |     619 |     274 |  30.7
            +---------+---------+-------+---------+---------+-------
        D:1 |      38 |       0 |   0.0 |      24 |       0 |   0.0
        D:2 |      98 |       1 |   1.0 |      21 |       1 |   4.5
        D:3 |      95 |      57 |  37.5 |      20 |      10 |  33.3
        D:4 |     440 |     212 |  32.5 |      25 |       2 |   7.4
        D:5 |     645 |       0 |   0.0 |      15 |       0 |   0.0
        D:6 |     329 |     131 |  28.5 |       8 |      21 |  72.4
        D:7 |    1152 |    3295 |  74.1 |      21 |      17 |  44.7
        D:8 |    1811 |     457 |  20.1 |      23 |       1 |   4.2
        D:9 |     729 |    1947 |  72.8 |      11 |       4 |  26.7
       D:10 |    2314 |    2787 |  54.6 |      17 |       4 |  19.0
       D:11 |    2566 |     948 |  27.0 |      13 |       5 |  27.8
       D:12 |    6931 |     845 |  10.9 |      32 |       7 |  17.9
       D:13 |   10435 |    1007 |   8.8 |      27 |       2 |   6.9
       D:14 |    5872 |    6141 |  51.1 |      14 |      21 |  60.0
       D:15 |    3746 |    4352 |  53.7 |       8 |      11 |  57.9
     Lair:1 |    2632 |     470 |  15.2 |       8 |       3 |  27.3
     Lair:2 |    6264 |     395 |   5.9 |      23 |       1 |   4.2
     Lair:3 |   10748 |       0 |   0.0 |      30 |       0 |   0.0
     Lair:4 |    5123 |    1023 |  16.6 |      10 |       3 |  23.1
     Lair:5 |    5758 |       0 |   0.0 |      20 |       0 |   0.0
     Lair:6 |    9763 |    9838 |  50.2 |      27 |      18 |  40.0
    Snake:1 |   16063 |    1198 |   6.9 |      36 |       1 |   2.7
    Snake:2 |   29675 |    1616 |   5.2 |      54 |       2 |   3.6
    Snake:3 |   24606 |    3103 |  11.2 |      45 |       6 |  11.8
    Snake:4 |   20954 |   15168 |  42.0 |      45 |      20 |  30.8
      Orc:1 |     513 |    2242 |  81.4 |       9 |       7 |  43.8
      Orc:2 |    2994 |    7369 |  71.1 |      33 |      76 |  69.7
     Bailey |       0 |    1323 | 100.0 |       0 |      31 | 100.0
            +---------+---------+-------+---------+---------+-------

Illustrated notes

Table legend:
 A = Kills in this place as a percentage of kills in entire the game.
 B = Kills by you in this place as a percentage of kills by you in the entire game.
 C = Kills by friends in this place as a percentage of kills by friends in the entire game.
 D = Other kills in this place as a percentage of other kills in the entire game.
 E = Experience gained in this place as a percentage of experience gained in the entire game.
 F = Experience gained in this place divided by the number of levels of this place that you have seen.
                   A       B       C       D       E      F
               +-------+-------+-------+-------+-------+----------------------
         Total | 100.0 | 100.0 | 100.0 | 100.0 | 100.0 | 8507.8
       Dungeon |  43.1 |  46.1 |   7.4 |  33.3 |  24.9 | 3958.7
          Lair |  16.0 |  16.7 |   8.8 |   0.0 |  21.8 | 8669.0
     Snake Pit |  23.4 |  21.8 |  42.6 |  33.3 |  47.2 | 28095.8
  Orcish Mines |  14.0 |  11.7 |  41.2 |  33.3 |   5.5 | 6559.0
        Bailey |   3.5 |   3.8 |   0.0 |   0.0 |   0.6 | 1323.0
               +-------+-------+-------+-------+-------+----------------------

Table legend: (Time is in decaauts)
 A = Elapsed time spent in this place.
 B = Non-inter-level travel time spent in this place.
 C = Inter-level travel time spent in this place.
 D = Time resting spent in this place.
 E = Time spent auto-exploring this place.
 F = Levels seen in this place.
 G = Mean time per level.
                   A        B        C        D        E       F      G
               +--------+--------+--------+--------+--------+-----+--------+
         Total |  41694 |  37783 |   3911 |   7215 |  23264 |  28 | 1489.1 |
       Dungeon |  20879 |  18941 |   1938 |   2772 |  13050 |  15 | 1391.9 |
          Lair |   8631 |   7918 |    713 |    619 |   6107 |   6 | 1438.5 |
     Snake Pit |   9183 |   8027 |   1156 |   3395 |   2622 |   4 | 2295.8 |
  Orcish Mines |   2332 |   2229 |    103 |    320 |   1178 |   2 | 1166.0 |
        Bailey |    667 |    667 |      0 |    107 |    305 |   1 |  667.0 |
               +--------+--------+--------+--------+--------+-----+--------+

Top non-repeatable levels by time:
 Snake:2: 2983 daAuts
 Snake:3: 2748 daAuts
 Snake:4: 2171 daAuts
     D:2: 2008 daAuts
  Lair:3: 1914 daAuts
     D:1: 1848 daAuts
  Lair:6: 1766 daAuts
     D:3: 1699 daAuts
    D:10: 1642 daAuts
   Orc:2: 1605 daAuts
    D:12: 1558 daAuts
  Lair:4: 1456 daAuts
     D:6: 1455 daAuts
    D:13: 1428 daAuts
     D:5: 1421 daAuts
